 Dungeon Crawl Stone Soup version 0.28.0 (webtiles) character file.

Game seed: 1523579105919413227

114 Krehm the Poker (level 4, 0/38 HPs)
             Began as a Merfolk Abyssal Knight on Feb 17, 2022.
             Was a Believer of Lugonu.
             Killed from afar by Duvessa (8 damage)
             ... with a puff of flame
             ... on level 4 of the Dungeon.
             The game lasted 00:08:44 (3571 turns).

Krehm the Poker (Merfolk Abyssal Knight)            Turns: 3571, Time: 00:08:45

Health: 0/38       AC:  5    Str: 15    XL:     4   Next: 98%
Magic:  5/5        EV: 11    Int:  9    God:    Lugonu [**....]
Gold:   149        SH:  0    Dex: 14    Spells: 3/3 levels left

rFire   . . .      SeeInvis .   a - +1 spear
rCold   . . .      Faith    .   (no shield)
rNeg    . . .      Spirit   .   h - +0 ring mail
rPois   .          Reflect  .   (no helmet)
rElec   .          Harm     .   (no cloak)
rCorr   .          Rampage  .   (no gloves)
Will    .....                   (no boots)
Stlth   +.........              (no amulet)
HPRegen 0.12/turn               (no ring)
MPRegen 0.09/turn               (no ring)

@: about to teleport
A: (nimble swimmer 2), mertail
a: Renounce Religion, Depart the Abyss, Bend Space


You were on level 4 of the Dungeon.
You worshipped Lugonu.
Lugonu was pleased with you.
You visited 1 branch of the dungeon, and saw 4 of its levels.
You visited the Abyss 1 time.

You collected 149 gold pieces.

Inventory:

Hand Weapons
 a - a +1 spear (weapon)
 g - a +0 trident
Missiles
 m - 3 boomerangs (quivered)
Armour
 h - a +0 ring mail (worn)
Jewellery
 b - a ring of ice
Wands
 l - a wand of iceblast (3)
Scrolls
 c - a scroll of teleportation
 e - a scroll of fear {unknown}
 f - 2 scrolls of blinking
 j - a scroll of identify {unknown}
Potions
 d - a potion of degeneration {unknown}
 i - a potion of cancellation {unknown}
 k - a potion of curing {unknown}
 n - a potion of mutation {unknown}


   Skills:
 + Level 4.7 Fighting
 + Level 5.3 Polearms
 - Level 0.6 Armour
 - Level 2.6 Dodging
 - Level 2.0 Invocations
 + Level 1.0 Evocations


You had 3 spell levels left.
You didn't know any spells.
Your spell library was empty.

Dungeon Overview and Level Annotations

Branches:
Dungeon (4/15)
 Temple: D:4-7

Altars:

Annotations:
D:2 exclusion: upstairs, Terence
D:4 Duvessa


Innate Abilities, Weirdness & Mutations

((You are very nimble when in or above water. (Stealth+, EV+, Speed+++)))
Your lower body shifts to a powerful aquatic tail in water.


Message History

You see here a giant cockroach corpse.
Duvessa, Sister of Dowan comes into view.
She is wielding a +0 rapier and carrying a wand of flame (14).
Duvessa is nearby!
You see here a giant cockroach corpse.
You start waiting.
Duvessa is nearby!
Throw: 3 boomerangs
Press: ? - help, Q - select action, (/) - cycle Shift-Dir - straight line, f - Duvessa
Aim: Duvessa, wielding a +0 rapier, wearing a +0 ring mail and carrying a wand of flame (14) (68% to hit)
You throw a boomerang.
The boomerang hits Duvessa but does no damage.
You reach to attack!
You hit Duvessa but do no damage.
Okay, then.
Okay, then.
You hit Duvessa but do no damage.
Duvessa zaps a wand.
The puff of flame hits you.
You hit Duvessa but do no damage. Duvessa hits you but does no damage.
You closely miss Duvessa.
Duvessa zaps a wand.
The puff of flame hits you!
You hit Duvessa.
Duvessa is lightly wounded.
Duvessa hits you with a +0 rapier.
You hit Duvessa but do no damage.
Duvessa is lightly wounded.
You barely miss Duvessa.
Duvessa is lightly wounded.
Duvessa zaps a wand.
The puff of flame hits you.
You hit Duvessa.
Duvessa is lightly wounded.
Duvessa barely misses you.
You barely miss Duvessa.
Duvessa is lightly wounded.
Duvessa hits you but does no damage.
You hit Duvessa but do no damage.
Duvessa is lightly wounded.
Duvessa hits you with a +0 rapier!
* * * LOW HITPOINT WARNING * * *
As you read the scroll labelled UTEGHUOL OLATS, it crumbles to dust.
You feel strangely unstable.
It was a scroll of teleportation.
Duvessa zaps a wand.
The puff of flame hits you!
You die...

..............#.#
.......#.#### #.#####
.......#.# #...†.#
.......#.# #####.#
.........# #.#
##.......# #.#
......#.## #.#
#####.#.###########.#
......#.........@e..#
......###############
#####.# #.# #.#


You could see Duvessa.

Vanquished Creatures
  An iguana (D:4)
  A hound skeleton (D:4)
  2 adders (D:3)
  A worm (D:3)
  3 dart slugs
  2 orcs
  3 bats (D:1)
  3 endoplasms
  4 giant cockroaches
  2 goblins (D:1)
  3 hobgoblins
  2 jackals (D:1)
  4 quokkas
  3 ball pythons
  A frilled lizard (D:1)
  7 kobolds
  9 rats
51 creatures vanquished.

Vanquished Creatures (others)
  4 starspawn tentacles (Abyss:1)
4 creatures vanquished.

Grand Total: 55 creatures vanquished

Notes
Turn   | Place    | Note
-------+----------+-------------------------------------------
     0 | Abyss:1  | Krehm the Merfolk Abyssal Knight began the quest for the
                  | Orb.
     0 | Abyss:1  | Reached XP level 1. HP: 18/18 MP: 2/2
    40 | Abyss:1  | Noticed a tentacled starspawn
    67 | Abyss:1  | Noticed a thrashing horror
    69 | D:1      | Escaped the Abyss
   290 | D:1      | Reached * piety under Lugonu
   315 | D:1      | Reached XP level 2. HP: 18/24 MP: 3/3
   913 | D:1      | Reached skill level 4 in Polearms
   975 | D:1      | Found a faded altar of an unknown god.
  1022 | D:1      | Reached XP level 3. HP: 29/30 MP: 4/4
  1925 | D:2      | Noticed Terence
  2377 | D:3      | Reached XP level 4. HP: 38/38 MP: 5/5
  2559 | D:3      | Reached ** piety under Lugonu
  2658 | D:3      | Reached skill level 5 in Polearms
  3495 | D:4      | Reached skill level 1 in Evocations
  3543 | D:4      | Noticed Duvessa
  3571 | D:4      | Killed from afar by Duvessa

Illustrated notes

Levels and vault maps discovered:
D:1:      matt_arrival_los_fun, layout_loops_ring, serial_forest,
          infiniplex_forest_lined_2, infiniplex_forest_3_way,
          infiniplex_forest_lined_2, infiniplex_forest_clump_long,
          infiniplex_forest_lined_1, infiniplex_forest_zigzag_1,
          infiniplex_forest_lined_3, hellmonk_ecumenical_altar_prayer_group
D:2:      layout_loops_corners, serial_rivers, chequers_serial_rivers_large_b,
          chequers_serial_rivers_small_b, chequers_serial_rivers_micro_a,
          chequers_serial_rivers_micro_a, chequers_serial_rivers_room_b,
          chequers_serial_rivers_small_b, minivault_23, nrook_mini_vaults,
          uniq_jessica, uniq_terence
D:3:      layout_loops_cross
D:4:      layout_basic, uniq_duvessa, uniq_ijyb

Skill      XL: |  1  2  3  4 |
---------------+-------------+-----
Polearms       | 4 5 |  5.3
Fighting       | 4 |  4.7
Evocations     | 1 |  1.0
Armour         | |  0.6
Dodging        | |  2.6
Invocations    | |  2.0

Action                   |  1- 3 |  4- 6 || total
-------------------------+-------+-------++-------
Melee: Spear             |   136 |    71 ||   207
       Punch             |     1 |       ||     1
Throw: Stone             |     4 |       ||     4
       Boomerang         |       |     1 ||     1
Invok: Depart the Abyss  |     1 |       ||     1
  Use: Scroll            |     2 |     2 ||     4
Armor: Leather armour    |    14 |       ||    14
       Ring mail         |    12 |    13 ||    25
Dodge: Dodged            |    40 |    15 ||    55
